 Dungeon Crawl Stone Soup version 0.32-a0-38-gb04dd89b9b (webtiles) character file.

Game seed: 4881484602759059219

1859 Newt the Spear-Bearer (level 9, -1/96 HPs)
             Began as a Merfolk Gladiator on Jan 23, 2024.
             Was a Follower of Hepliaklqana.
             Asphyxiated
             ... on level 6 of the Dungeon.
             The game lasted 00:07:36 (5384 turns).

Newt the Spear-Bearer (Merfolk Gladiator)           Turns: 5384, Time: 00:07:37

Health: -1/96      AC:  8    Str: 18    XL:     9   Next: 13%
Magic:  9/9        EV: 15    Int:  7    God:    Hepliaklqana [*.....]
Gold:   311        SH:  0    Dex: 16    Spells: 8/8 levels left

rFire   . . .        a - +1 trident
rCold   + . .        (no shield)
rNeg    + . .        j - +2 robe {rN+}
rPois   +            k - +2 helmet
rElec   .            (no cloak)
rCorr   .            (no gloves)
SInv    .            y - +0 pair of boots
Will    .....        (no amulet) Stlth
                     w - ring of protection from cold
HPRegen 0.36/turn    u - ring of poison resistance
MPRegen 0.11/turn

%: no passive effects
@: mighty, berserking (expiring), lethally poisoned (-1 -> -11), very quick
A: reduced essence, (nimble swimmer 2), mertail
a: Renounce Religion, Recall Ancestor, Ancestor Identity


You were on level 6 of the Dungeon.
You worshipped Hepliaklqana.
Hepliaklqana was aware of your devotion.
You visited 2 branches of the dungeon, and saw 7 of its levels.

You collected 311 gold pieces.

Inventory:

Hand Weapons
 a - a +1 trident (weapon)
Missiles
 e - a javelin
 m - 2 poisoned darts
Armour
 b - a +0 leather armour
 c - a +0 helmet
 j - a +2 robe of positive energy (worn)
 k - a +2 helmet (worn)
 y - a +0 pair of boots (worn)
Jewellery
 u - a ring of poison resistance (right hand)
 w - a ring of protection from cold (left hand)
Wands
 d - a wand of flame (26)
 i - a wand of polymorph (15)
 r - a wand of iceblast (2)
Scrolls
 s - a scroll of immolation
 t - 2 scrolls of enchant weapon
Potions
 f - a potion of might
 g - a potion of resistance
 l - 3 potions of enlightenment
 n - a potion of attraction
 p - a potion of curing {unknown}
 q - a potion of lignification {unknown}
 x - a potion of cancellation {unknown}


   Skills:
 - Level 7.0 Fighting
 - Level 9.0 Polearms
 - Level 2.0 Throwing
 - Level 7.0 Dodging
 - Level 5.0 Stealth
 + Level 4.3 Evocations


You had 8 spell levels left.
You didn't know any spells.
Your spell library contained the following spells:

 Spells                   Type           Power      Damage    Failure   Level
 Shock                    Conj/Air       0%         1d3       43%         1
 Blink                    Tloc           0%         N/A       56%         2
 Lesser Beckoning         Tloc           0%         N/A       56%         2
 Momentum Strike          Conj/Tloc      0%         3d8       56%         2
 Swiftness                Air            0%         N/A       80%         3
 Airstrike                Air            0%         2d(0-16)  99%         4


Dungeon Overview and Level Annotations

Branches:
Dungeon (6/15)             Temple (1/1) D:4

Altars:
Ashenzari
Cheibriados
Dithmenos
Elyvilon
Fedhas
Gozag
Hepliaklqana
Kikubaaqudgha
Makhleb
Nemelex Xobeh
Okawaru
Qazlal
Ru
Sif Muna
Uskayaw
Vehumet
Wu Jian
Xom
Yredelemnul
Zin
The Shining One

Annotations:
Temple 2 transporters


Innate Abilities, Weirdness & Mutations

Your life essence is reduced to manifest your ancestor. (-10% HP)
((You are very nimble when in or above water. (Stealth+, EV+, Speed+++)))
Your lower body shifts to a powerful aquatic tail in water.


Message History

Unknown command.
Unknown command.
You barely miss the kobold. The phantom misses you.
The kobold hits you but does no damage.
The kobold hits Servius but does no damage.
A jelly comes into view.
Servius hits the phantom.
Unknown command.
Unknown command.
You are too berserk!
You puncture the kobold!
You kill the kobold!
The kobold throws a stone.
The stone barely misses Servius.
The stone barely misses you.
The kobold hits Servius with a +0 dagger.
The kobold throws a stone.
The stone barely misses you. The phantom hits you.
* * * LOW HITPOINT WARNING * * *
You hit the phantom.
The phantom is heavily damaged.
Servius misses the phantom.
Unknown command.
You impale the phantom!!
You destroy the phantom!
The kobold hits Servius with a +0 dagger.
The kobold throws a stone.
The stone hits Servius.
The kobold brigand throws a curare-tipped dart.
The curare-tipped dart hits you. You resist.
Servius closely misses the kobold.
Unknown command.
You puncture the kobold!
You kill the kobold!
The kobold completely misses Servius.
Unknown command.
Servius hits the kobold but does no damage.
You feel a strong urge to attack something.
The kobold throws a stone.
The stone hits you but does no damage.
The kobold brigand throws a curare-tipped dart.
The curare-tipped dart hits you.
You are lethally poisoned!
You have difficulty breathing.
You die...

.#.#.°...# ........# .
##K...... .... .J#°KK..(.
.....!. .K°.°.<..
......... ..K°..K)#
.........
....°.R.####........
...°...°...#........
.°°......@.......... ...
.....#.....°.......# ...
......#.°.....°..#
##.###..°..°.#..........#
...#.#......##).##.°....#
.........°°# ##.###°....#
....##.....###..# ##...##
...##.#.##......###.....#
....#...#
#..<...##.....#.#


You could see the friendly Servius the ancestor, a kobold brigand and 4 kobolds.

Vanquished Creatures
  Maggie (D:6)
  Sigmund (D:2)
  A water moccasin (D:5)
  Duvessa (D:6)
  2 black bears (D:6)
  A centaur (D:5)
  2 phantoms
  A scorpion (D:5)
  2 jellies (D:5)
  3 bombardier beetles
  A hound (D:6)
  3 orc priests
  An iguana (D:5)
  Jessica (D:1)
  2 orc wizards
  Robin (D:2)
  A gnoll (D:1)
  9 adders
  A shadow imp (D:6)
  2 ufetubi (D:5)
  A ribbon worm (D:4)
  2 dart slugs
  17 orcs
  11 bats
  4 endoplasms
  2 giant cockroaches (D:1)
  15 goblins
  7 hobgoblins
  4 jackals (D:5)
  8 kobolds
  3 quokkas
  11 ball pythons
  6 frilled lizards
  4 rats
132 creatures vanquished.

Vanquished Creatures (collateral kills)
  An orc warrior (D:6)
  Dowan (D:6)
  An adder (D:6)
  2 orcs (D:6)
  2 bats (D:6)
7 creatures vanquished.

Grand Total: 139 creatures vanquished

Notes
Turn   | Place    | Note
-------+----------+-------------------------------------------
     0 | D:1      | Newt the Merfolk Gladiator began the quest for the Orb.
     0 | D:1      | Reached XP level 1. HP: 16/16 MP: 1/1
   119 | D:1      | Reached XP level 2. HP: 12/23 MP: 2/2
   433 | D:1      | Reached XP level 3. HP: 15/30 MP: 3/3
  1097 | D:2      | Noticed Jessica
  1101 | D:2      | Noticed Sigmund
  1106 | D:1      | Killed Jessica
  1107 | D:1      | Reached skill level 5 in Polearms
  1107 | D:1      | Reached XP level 4. HP: 37/37 MP: 4/4
  1211 | D:2      | Killed Sigmund
  1212 | D:2      | Reached skill level 7 in Polearms
  1212 | D:2      | Reached XP level 5. HP: 37/42 MP: 5/5
  1212 | D:2      | Reached XP level 6. HP: 43/48 MP: 6/6
  1262 | D:2      | Noticed Robin
  1317 | D:2      | Killed Robin
  1322 | D:2      | Reached skill level 8 in Polearms
  1910 | D:3      | Found an ancient bone altar of Kikubaaqudgha.
  2120 | D:3      | Found a burning altar of Makhleb.
  3084 | D:4      | Found a staircase to the Ecumenical Temple.
  3095 | Temple   | Found a transporter.
  3095 | Temple   | Found a transporter.
  3095 | Temple   | Found a transporter.
  3095 | Temple   | Found a transporter.
  3095 | Temple   | Entered the Ecumenical Temple
  3111 | Temple   | Became a worshipper of Hepliaklqana the Forgotten
  3425 | D:5      | Entered Level 5 of the Dungeon
  3444 | D:5      | Reached skill level 9 in Polearms
  3444 | D:5      | Reached skill level 5 in Dodging
  3444 | D:5      | Reached XP level 7. HP: 43/54 MP: 7/7
  4010 | D:5      | Reached skill level 5 in Fighting
  4070 | D:5      | Reached XP level 8. HP: 33/64 MP: 8/8
  4795 | D:6      | Reached * piety under Hepliaklqana
  4945 | D:6      | Noticed Maggie
  4955 | D:6      | Reached skill level 1 in Stealth
  4962 | D:6      | HP: 1/60 [Maggie/bolt of fire (18)]
  4976 | D:6      | Killed Maggie
  5341 | D:6      | Noticed Dowan
  5342 | D:6      | Noticed Duvessa
  5359 | D:6      | Killed Dowan
  5360 | D:6      | Reached skill level 5 in Stealth
  5360 | D:6      | Reached skill level 1 in Evocations
  5370 | D:6      | Reached XP level 9. HP: 31/64 MP: 9/9
  5373 | D:6      | HP: 3/64 [Duvessa/+0 short sword (9)]
  5376 | D:6      | Killed Duvessa
  5379 | D:6      | HP: 3/96 [phantom (2)]
  5384 | D:6      | Asphyxiated

Illustrated notes

Levels and vault maps discovered:
D:1:      dpeg_arrival_signposts, layout_basic, minmay_tall_x
D:2:      layout_rooms, item_on_display_a, uniq_sigmund, uniq_robin,
          uniq_jessica
D:3:      layout_basic, bloody_makhleb, kiku_gazebo_pond_becter,
          minmay_fractal_squares_5
D:4:      layout_cave_pools, minmay_temple_entry_proselytizer
D:5:      layout_basic, nicolae_zen_rock_garden, minmay_misc_feat_more_columns,
          solitary_fountain, grunt_ministairs_10
D:6:      layout_cave_pools, trog_ov_bears_minmay, roderic_batcave,
          hangedman_abyss_or_decor_jellyfish_corner, uniq_maggie, uniq_duvessa
Temple:   hellmonk_temple_divided_pantheon

Skill      XL: |  1  2  3  4  5  6  7  8  9 |
---------------+----------------------------+-----
Fighting       | 3 4 5 7 |  7.0
Polearms       | 5 7 9 |  9.0
Dodging        | 5 7 |  7.0
Stealth        | 5 |  5.0
Evocations     | 3 4 |  4.3
Throwing       | |  2.0

Action                     |  1- 3 |  4- 6 |  7- 9 || total
---------------------------+-------+-------+-------++-------
  Melee: Trident           |   115 |   172 |   207 ||   494
         Punch             |     1 |     1 |     2 ||     4
         Unarmed           |       |     1 |       ||     1
  Throw: Throwing net      |     1 |       |     6 ||     7
  Evoke: Wand              |       |       |     4 ||     4
    Use: Scroll            |       |     5 |     5 ||    10
         Potion            |       |     1 |     5 ||     6
   Stab: Sleeping          |       |     2 |       ||     2
         Held in net/web   |       |       |     3 ||     3
         Distracted        |       |       |     1 ||     1
 Armour: Leather armour    |    46 |    13 |       ||    59
         Skin              |       |     3 |       ||     3
         Robe              |       |    75 |   103 ||   178
  Dodge: Dodged            |    74 |    92 |   136 ||   302

Table legend: (Time is in decaauts)
 A = Elapsed time spent in this place.
 B = Non-inter-level travel time spent in this place.
 C = Inter-level travel time spent in this place.
 D = Time resting spent in this place.
 E = Time spent auto-exploring this place.
 F = Levels seen in this place.
 G = Mean time per level.
                   A        B        C        D        E       F      G
               +--------+--------+--------+--------+--------+-----+--------+
         Total |   5344 |   5180 |    164 |    791 |   3417 |   7 |  763.4 |
       Dungeon |   5315 |   5151 |    164 |    791 |   3417 |   6 |  885.8 |
        Temple |     28 |     28 |      0 |      0 |      0 |   1 |   28.0 |
               +--------+--------+--------+--------+--------+-----+--------+

Top non-repeatable levels by time:
     D:5: 1216 daAuts
     D:1: 1165 daAuts
     D:3: 1002 daAuts
     D:4: 661 daAuts
     D:2: 660 daAuts
     D:6: 607 daAuts
  Temple: 28 daAuts
